Map: Newkirk Precinct TE (Void)

Players

IIIIIIIIIII

  • Race: Terran Terran
  • League: Master
  • Spawn Location: 7:00

Railgan - Winner!

  • Race: Zerg Zerg
  • League: Grandmaster
  • Spawn Location: 5:00

VOD

Have the link to the VOD?

Description

Time

  • Played on: March 23, 2017, 7:08 p.m.
  • Length: 11:52
Show
View Real Time Build Order
Export as new Build Order

IIIIIIIIIII Terran 

Build Orders: Mech 

Get SALT Encoding   

  12  0:00  SCV  
  13  0:13  SCV  
  14  0:18  Supply Depot  
  14  0:25  SCV  
  15  0:39  SCV  
  15  0:40  Barracks  
  16  0:51  SCV  
  17  1:03  SCV  
  18  1:17  Command Center  
  18  1:18  SCV  
  19  1:27  Marine  
  19  1:32  Orbital Command  
  20  1:38  Refinery  
  20  1:42  Refinery  
  20  1:45  Marine  
  21  1:54  Supply Depot  
  21  1:57  SCV  
  22  2:09  SCV  
  22  2:15  Marine  
  23  2:21  SCV  
  25  2:26  Bunker  
  24  2:33  Marine  
  24  2:34  SCV  
  26  2:37  Factory  
  26  2:38  Orbital Command  
  26  2:46  SCV  
  26  2:51  Barracks Reactor  
  26  2:58  SCV  
  27  3:05  SCV  
  28  3:10  SCV  
  29  3:17  SCV  
  30  3:22  SCV  
  30  3:30  Factory  
  30  3:31  SCV  
  31  3:35  Cyclone x2  
  37  3:47  SCV  
  36  3:52  SCV  
  33  3:57  Barracks Tech Lab  
  33  4:00  SCV  
  33  4:04  SCV  
  33  4:07  Cyclone  
  37  4:12  SCV  
  37  4:16  SCV  
  37  4:24  SCV  
  37  4:28  SCV  
  37  4:30  Command Center  
  38  4:34  Hellion  
  38  4:36  SCV  
  41  4:40  SCV  
  41  4:45  Hellion x2  
  46  4:57  Supply Depot  
  46  5:00  Supply Depot  
  46  5:01  Infernal Pre-Igniter  
  46  5:16  Supply Depot  
  46  5:18  Supply Depot  
  46  5:19  Hellion x2, SCV x2  
  52  5:22  Hellion  
  54  5:31  SCV  
  54  5:33  SCV  
  54  5:43  SCV  
  54  5:45  SCV  
  54  5:47  Engineering Bay  
  54  5:49  Siege Tank  
  60  5:55  Cyclone x2  
  60  5:56  SCV  
  66  5:59  Refinery  
  66  6:02  Refinery  
  66  6:05  SCV  
  66  6:08  SCV  
  68  6:17  SCV  
  69  6:20  SCV  
  70  6:26  Barracks Tech Lab  
  70  6:27  Widow Mine x2  
  70  6:29  Factory, SCV  
  70  6:32  SCV  
  74  6:39  Armory  
  70  6:40  Planetary Fortress  
  70  6:41  SCV  
  70  6:44  SCV  
  72  6:48  Missile Turret  
  72  6:50  Missile Turret  
  72  6:53  SCV  
  73  6:55  Missile Turret  
  73  7:06  Widow Mine x2  
  77  7:10  SCV  
  77  7:11  SCV  
  77  7:13  Missile Turret  
  79  7:19  SCV  
  79  7:22  SCV  
  81  7:23  SCV  
  81  7:28  Missile Turret x2  
  82  7:31  SCV  
  82  7:36  Thor  
  89  7:43  SCV  
  90  7:46  SCV  
  90  7:49  Refinery  
  91  7:53  SCV  
  91  7:54  Refinery  
  92  8:04  SCV  
  93  8:07  SCV  
  93  8:13  Supply Depot  
  93  8:14  Supply Depot  
  93  8:17  Terran Vehicle Weapons Level 1, Factory  
  93  8:19  Factory  
  93  8:24  Thor  
  93  8:25  Hellion  
  101  8:33  Factory  
  101  8:34  Thor  
  107  8:41  SCV x2  
  107  8:47  Refinery  
  109  8:49  Hellion x2  
  109  8:51  SCV  
  109  8:53  SCV  
  115  9:03  Factory Reactor  
  115  9:04  Factory Tech Lab  
  115  9:18  Siege Tank  
  115  9:21  Siege Tank  
  111  9:29  Siege Tank  
  89  9:35  Hellion  
  90  9:39  Hellion x2  
  94  9:48  SCV  
  77  10:01  Siege Tank  
  77  10:04  SCV x2  
  80  10:10  Hellion x3  
  80  10:11  Hellion  
  80  10:13  SCV  
  89  10:19  Hellion x2  
  93  10:31  Hellion  
  93  10:33  Siege Tank  
  98  10:42  Hellion x3  
  104  10:43  Cyclone  
  104  10:44  Cyclone  
  104  10:48  SCV x2  
  112  10:53  Cyclone  
  115  11:07  Supply Depot  
  115  11:09  Supply Depot  
Show
View Real Time Build Order
Export as new Build Order

Railgan Zerg - Winner!

Build Orders: Pool First 

Get SALT Encoding   

  12  0:01  Drone  
  13  0:14  Overlord  
  13  0:18  Drone  
  14  0:32  Drone x2  
  16  0:36  Drone  
  17  0:51  Drone, Spawning Pool  
  17  0:57  Drone  
  18  1:17  Hatchery  
  18  1:18  Extractor  
  16  1:22  Drone x2  
  18  1:39  Zergling x2  
  19  1:41  Roach Warren  
  19  1:44  Queen  
  20  1:47  Drone  
  20  1:51  Drone  
  22  2:02  Overlord  
  22  2:20  Queen  
  24  2:30  Roach  
  24  2:31  Roach x2, Queen  
  32  2:40  Overlord  
  31  2:59  Drone x5  
  31  3:01  Overlord  
  36  3:12  Lair  
  36  3:17  Overlord  
  36  3:20  Drone  
  36  3:25  Drone  
  36  3:26  Drone  
  39  3:35  Drone x3  
  39  3:38  Drone  
  43  3:51  Overlord  
  41  3:58  Drone x5  
  41  4:01  Extractor  
  41  4:02  Extractor, Roach  
  46  4:03  Drone  
  46  4:05  Drone  
  48  4:13  Drone  
  48  4:14  Drone, Overlord  
  48  4:20  Drone  
  48  4:21  Drone  
  48  4:26  Extractor, Spire  
  48  4:30  Drone  
  47  4:32  Drone x3  
  47  4:34  Roach  
  52  4:40  Roach  
  52  4:41  Roach  
  52  4:44  Overlord  
  56  4:50  Drone  
  57  4:53  Glial Reconstitution  
  57  4:54  Overlord  
  57  5:01  Drone x3  
  60  5:09  Roach x2  
  60  5:10  Roach x2  
  68  5:15  Ravager x2, Overlord  
  70  5:23  Roach  
  70  5:24  Roach x2  
  78  5:44  Hatchery  
  78  5:47  Drone  
  78  5:50  Evolution Chamber  
  78  5:51  Evolution Chamber  
  78  5:56  Drone x6  
  82  6:04  Corruptor  
  82  6:06  Zerg Flyer Weapons Level 1  
  82  6:07  Overlord  
  81  6:11  Drone  
  81  6:17  Drone x3  
  84  6:20  Zerg Missile Weapons Level 1, Zerg Ground Armor Level 1  
  84  6:22  Drone  
  84  6:23  Drone x2  
  87  6:26  Overlord  
  87  6:27  Drone  
  84  6:45  Drone  
  79  6:48  Roach x6  
  79  6:50  Drone x3  
  94  6:57  Drone  
  94  6:59  Extractor  
  94  7:01  Extractor  
  93  7:03  Drone  
  93  7:04  Infestation Pit  
  93  7:06  Ravager x3  
  93  7:08  Drone  
  97  7:10  Hatchery, Pneumatized Carapace  
  96  7:16  Overlord  
  96  7:17  Drone x2  
  96  7:18  Drone  
  96  7:20  Drone  
  96  7:21  Drone  
  96  7:22  Drone x2  
  103  7:24  Roach  
  103  7:25  Roach  
  103  7:29  Ravager x3  
  111  7:30  Ravager, Overlord  
  111  7:32  Roach  
  111  7:33  Overlord  
  113  7:39  Overlord x2  
  113  7:42  Roach x2  
  115  8:06  Roach x6  
  115  8:07  Roach x4  
  115  8:08  Hive  
  135  8:15  Overlord, Roach x4  
  143  8:22  Roach  
  147  8:27  Roach x3  
  147  8:33  Overseer  
  151  8:35  Overseer  
  151  8:40  Zerg Melee Weapons Level 1  
  151  8:42  Zerg Missile Weapons Level 2  
  151  8:55  Roach x5  
  161  8:56  Roach x3  
  161  8:57  Drone  
  161  8:59  Overlord x2  
  161  9:02  Overlord  
  168  9:06  Overlord  
  168  9:17  Queen  
  168  9:22  Roach x5  
  168  9:23  Roach  
  170  9:29  Roach x4  
  164  9:32  Roach  
  164  9:33  Roach  
  164  9:34  Roach x4  
  172  9:44  Corruptor  
  172  9:45  Corruptor x2  
  164  9:54  Roach  
  164  9:59  Roach x9  
  143  10:15  Roach x4  
  143  10:19  Drone x2  
  143  10:21  Drone x2  
  155  10:26  Extractor  
  155  10:27  Extractor  
  153  10:31  Ravager x6  
  153  10:32  Roach x3  
  153  10:33  Drone  
  153  10:34  Drone x2  
  168  10:36  Overlord  
  168  10:38  Hatchery  
  167  10:44  Zergling x6  
  170  11:19  Roach x7  
  170  11:20  Overlord x4  
  170  11:22  Overlord x2  
  183  11:28  Roach  
  183  11:29  Overlord  
  183  11:31  Overlord  
  183  11:32  Roach  
  182  11:33  Roach  
Tags
 
Add a new tag
Caveats
  • Supply blocks, unpowered buildings, or Contaminate may cause inaccurate times.
  • Supply counts are checked every 10 seconds.